 Dungeon Crawl Stone Soup version 0.18.1-50-g88ac8fd (webtiles) character file.

4580 nikopol the Cleaver (level 10, 0/91 HPs)
             Began as a Hill Orc Berserker on Oct 22, 2016.
             Was a High Priest of Trog.
             Slain by a blink frog (9 damage)
             ... on level 9 of the Dungeon on Oct 23, 2016.
             The game lasted 00:27:25 (11509 turns).

nikopol the Cleaver (Hill Orc Berserker)           Turns: 11509, Time: 00:27:26

Health: 0/91       AC:  9    Str: 25    XL:     10   Next: 41%
Magic:  10/10      EV: 12    Int:  7    God:    Trog [*****.]
Gold:   466        SH:  0    Dex: 11    Spells: 0 memorised, 9 levels left

rFire  . . .     SeeInvis +     z - +0 shortbow
rCold  . . .     Gourm    .     u - +0 scale mail
rNeg   . . .     Faith    .     (shield currently unavailable)
rPois  .         Spirit   .     s - +0 helmet
rElec  .         Dismiss  .     (no cloak)
rCorr  .         Reflect  .     (no gloves)
SustAt .         Harm     .     (no boots)
MR     ++...                    (no amulet)
Stlth  ..........               I - ring of see invisible
                                b - +2 ring of strength

@: regenerating, very resistant to hostile enchantments, extremely unstealthy
A: no striking features
a: Berserk, Trog's Hand, Brothers in Arms, Burn Spellbooks, Renounce Religion


You were on level 9 of the Dungeon.
You worshipped Trog.
Trog was extremely pleased with you.
You were not hungry.

You visited 1 branch of the dungeon, and saw 9 of its levels.
You also visited: Sewer.

You collected 466 gold pieces.

Inventory:

Hand Weapons
 a - a +0 war axe
 z - a +0 shortbow (weapon)
 A - a +0 hand axe
Missiles
 j - 197 arrows (quivered)
Armour
 s - a +0 helmet (worn)
 u - a +0 scale mail (worn)
Jewellery
 b - a +2 ring of strength (left hand)
 I - a ring of see invisible (right hand)
Wands
 f - a wand of acid (9/15)
 w - a wand of random effects (30/48)
 B - a wand of polymorph (16/24)
 P - a wand of acid (3/15)
Scrolls
 e - 5 scrolls of magic mapping
 g - 4 scrolls of remove curse
 h - 9 scrolls of identify {unknown}
 k - 10 scrolls of teleportation
 p - a scroll of immolation {unknown}
 t - 3 scrolls of enchant weapon {unknown}
 x - 3 scrolls of fear {unknown}
 y - 2 scrolls of fog {unknown}
 C - 2 scrolls of random uselessness {unknown}
 E - 2 scrolls of recharging {unknown}
 O - a scroll of blinking {unknown}
Potions
 d - 9 potions of heal wounds {unknown}
 i - 2 potions of might {unknown}
 m - 2 potions of lignification {unknown}
 n - 5 potions of curing {unknown}
 q - a potion of agility {unknown}
 r - a potion of flight {unknown}
 D - a potion of berserk rage {unknown}
 F - a potion of resistance {unknown}
 G - 2 potions of degeneration {unknown}
 K - a potion of cancellation {unknown}
 L - 3 potions of invisibility {unknown}
 M - 3 potions of brilliance {unknown}
Books
 H - a book of the Tempests

   Spells                             Type                      Level
   a - Static Discharge               Conjuration/Air              3
   b - Lightning Bolt                 Conjuration/Air              5
   c - Fireball                       Conjuration/Fire             5
   d - Tornado                        Air                          9
   e - Shatter                        Earth                        9
   Trog disapproves of the use of such an item.
Comestibles
 c - 7 bread rations
 l - 4 fruits
 o - 2 royal jellies
 v - 3 meat rations
 J - 2 slices of pizza
 N - 5 chunks of flesh


   Skills:
 + Level 9.2 Fighting
 * Level 10.5 Axes
 * Level 4.1 Bows
 + Level 8.0 Armour
 + Level 5.8 Dodging


You had 9 spell levels left.
You didn't know any spells.

Dungeon Overview and Level Annotations

Branches:
Dungeon (9/15)             Temple (0/1) D:5            Lair (0/8) D:9
    Orc: D:9-12

Altars:
Cheibriados
Dithmenos
Kikubaaqudgha
Makhleb
Nemelex Xobeh
Pakellas
Qazlal
Ru
Sif Muna
Trog
Vehumet
Yredelemnul
The Shining One

Shops:
D:4 %   D:9 :


Message History

The blink frog blinks!
Your skin crawls.
You feel resistant to hostile enchantments.
You feel slightly more hungry.
You are too injured to fight recklessly!
Firing (i - inventory):
j - 199 arrows (quivered)
Press: ? - help, Shift-Dir - straight line, f/p - blink frog
Aim: a blink frog (moderately wounded)
You shoot an arrow. The arrow hits the blink frog!
The blink frog is almost dead.
The blink frog barely misses you. x2
Firing (i - inventory):
j - 198 arrows (quivered)
Press: ? - help, Shift-Dir - straight line, f - blink frog
Aim: a blink frog (almost dead)
You shoot an arrow.
The arrow closely misses the blink frog.
The blink frog hits you!
* * * LOW HITPOINT WARNING * * *
The blink frog hits you!
You die...

....# #..# ....+ #.## ....#
##.# ##### #..# .## #.## ..#
# #.# #.## ###'# #.# ...#
......#########.####
.........(.(..(F@..##......#
..............####.........#
...........(. ####......#
........(... #......#
......>.(.. #####.##
.......... ..# .......). #.#
.#


You could see a blink frog.

Vanquished Creatures
  A two-headed ogre (D:8)
  A blink frog (D:9)
  A wyvern (D:8)
  Sigmund (D:2)
  A yak (D:9)
  A hippogriff (D:9)
  A hungry ghost (D:8)
  A water moccasin (D:8)
  2 orc warriors
  A black bear (D:9)
  3 sky beasts
  2 ogres
  A centaur (D:8)
  A crocodile (D:8)
  3 big kobolds
  A giant frog (D:9)
  A gnoll sergeant (D:7)
  A water moccasin zombie (D:8)
  5 scorpions
  5 killer bees (D:8)
  4 wights (D:8)
  5 crimson imps
  A jelly (D:8)
  A hound (D:8)
  A giant frog zombie (D:6)
  A centaur skeleton (D:8)
  5 orc priests
  5 orc wizards
  4 giant frog skeletons
  Jessica (D:2)
  2 iguanas (D:8)
  8 worker ants
  A worker ant zombie (D:7)
  2 howler monkey skeletons
  15 adders
  8 gnolls
  9 river rats
  2 shadow imps
  3 oozes
  An adder zombie (D:9)
  An adder skeleton (D:9)
  2 worms
  4 dart slugs
  7 giant geckos
  35 orcs
  2 ball pythons
  9 giant cockroaches
  2 gnoll zombies (D:5)
  3 hobgoblins
  18 jackals
  5 quokkas
  7 bats
  A giant gecko skeleton (D:5)
  3 giant newts
  8 goblins
  22 kobolds
  A quokka zombie (D:9)
  31 rats
  4 fungi (D:4)
  A plant (D:4)
279 creatures vanquished.

Vanquished Creatures (others)
  3 fungi (D:4)
3 creatures vanquished.

Grand Total: 282 creatures vanquished

Notes
Turn   | Place    | Note
--------------------------------------------------------------
     0 | D:1      | nikopol the Hill Orc Berserker began the quest for the Orb.
     0 | D:1      | Reached XP level 1. HP: 19/19 MP: 1/1
   266 | D:1      | Reached XP level 2. HP: 25/27 MP: 2/2
   900 | D:2      | Noticed Sigmund
   916 | D:2      | Killed Sigmund
   916 | D:2      | Reached skill level 5 in Axes
   916 | D:2      | Reached XP level 3. HP: 25/35 MP: 3/3
   916 | D:2      | Reached XP level 4. HP: 29/41 MP: 4/4
   916 | D:2      | Reached XP level 5. HP: 33/47 MP: 5/5
  1007 | D:2      | Noticed Jessica
  1012 | D:2      | Killed Jessica
  1198 | D:2      | Reached ** piety under Trog
  1203 | D:2      | Reached skill level 5 in Fighting
  1537 | D:2      | Reached XP level 6. HP: 53/56 MP: 6/6
  1688 | D:3      | Found a burning altar of Makhleb.
  1776 | D:3      | Found a glowing drain.
  1815 | Sewer    | Entered a sewer
  2000 | Sewer    | HP: 4/84 [big kobold/dagger (3)]
  2003 | Sewer    | Reached skill level 6 in Axes
  2333 | Sewer    | Reached *** piety under Trog
  2335 | Sewer    | Reached XP level 7. HP: 55/62 MP: 7/7
  3462 | D:3      | Reached **** piety under Trog
  4419 | D:4      | Found a radiant altar of Vehumet.
  4458 | D:4      | Found Ijajok's Food Shoppe.
  4540 | D:4      | Reached skill level 5 in Armour
  5027 | D:4      | Found a stormy altar of Qazlal.
  5288 | D:4      | Reached XP level 8. HP: 36/71 MP: 8/8
  5878 | D:4      | Reached skill level 7 in Axes
  6173 | D:5      | Entered Level 5 of the Dungeon
  6255 | D:5      | Found a staircase to the Ecumenical Temple.
  6316 | D:5      | Found a shadowy altar of Dithmenos.
  6785 | D:5      | Found a basalt altar of Yredelemnul.
  6885 | D:6      | Found a sacrificial altar of Ru.
  7293 | D:6      | Reached ***** piety under Trog
  7426 | D:6      | Found an ancient bone altar of Kikubaaqudgha.
  7820 | D:7      | Reached skill level 8 in Axes
  8155 | D:7      | Found a glowing golden altar of the Shining One.
  8217 | D:7      | Reached XP level 9. HP: 79/79 MP: 9/9
  8536 | D:7      | Found a deep blue altar of Sif Muna.
  8791 | D:8      | Found a bloodstained altar of Trog.
  8937 | D:8      | Reached skill level 5 in Dodging
  9245 | D:8      | Reached skill level 9 in Axes
  9411 | D:8      | Reached skill level 1 in Bows
  9796 | D:8      | Found a sparkling altar of Nemelex Xobeh.
  9859 | D:8      | Found a snail-covered altar of Cheibriados.
 10085 | D:8      | Reached XP level 10. HP: 23/90 MP: 10/10
 10509 | D:8      | Found an oddly glowing altar of Pakellas.
 10719 | D:8      | Reached skill level 10 in Axes
 10740 | D:9      | Found a staircase to the Lair.
 10848 | D:9      | Found Seareul's Book Emporium.
 11509 | D:9      | Slain by a blink frog

Skill      XL: |  1  2  3  4  5  6  7  8  9 10 |
---------------+-------------------------------+-----
Fighting       | 4 5 6 7 8 9 |  9.2
Axes           | 5 6 8 9 10 | 10.5
Armour         | 3 4 5 6 7 8 |  8.0
Dodging        | 2 3 4 5 |  5.8
Bows           | 3 4 |  4.1

Action                   |  1- 3 |  4- 6 |  7- 9 | 10-12 || total
-------------------------+-------+-------+-------+-------++-------
Melee: Hand axe          |    46 |   171 |   449 |       ||   666
       War axe           |       |       |   310 |    92 ||   402
 Fire: Shortbow          |       |       |    44 |    81 ||   125
Invok: Berserk           |     1 |     1 |     8 |       ||    10
       Trog's Hand       |       |       |       |     1 ||     1
  Use: Scroll            |       |     1 |     2 |       ||     3
 Stab: Sleeping          |     1 |       |       |       ||     1
  Eat: Chunk             |       |     6 |    31 |     5 ||    42
       Fruit             |       |       |     1 |     1 ||     2
       Beef jerky        |       |       |     2 |       ||     2
Armor: Animal skin       |     2 |       |       |       ||     2
       Leather armour    |     3 |    38 |    19 |       ||    60
       Scale mail        |       |       |   246 |    40 ||   286
Dodge: Dodged            |    33 |   130 |   472 |    74 ||   709
